 Dungeon Crawl Stone Soup version 0.22-a0-456-g11ed031 (webtiles) character file.

3997 Coldfire the Basher (level 10, -3/51 HPs)
             Began as a Vine Stalker Fighter on June 6, 2018.
             Was a Priest of Qazlal.
             Slain by a two-headed ogre
             ... wielding a +0 giant spiked club
              (12 damage)
             ... on level 9 of the Dungeon.
             The game lasted 00:54:22 (6700 turns).

Coldfire the Basher (Vine Stalker Fighter)          Turns: 6700, Time: 00:54:25

Health: -3/51      AC: 22    Str: 21    XL:     10   Next: 23%
Magic:  0/13       EV:  7    Int:  8    God:    Qazlal [***...]
Gold:   278        SH: 19    Dex: 15    Spells: 8/11 levels left

rFire    . . .     SeeInvis .   t - +1 mace (protect)
rCold    . . .     Gourm    .   A - +0 shield
rNeg     . . .     Faith    .   p - +0 plate armour
rPois    +         Spirit   +   J - +2 hat
rElec    .         Reflect  .   (no cloak)
rCorr    .         Harm     .   G - +0 pair of gloves
MR       +++..                  (no boots)
Stlth    ..........             e - amulet of guardian spirit
HPRegen  0.57/turn              F - ring of poison resistance
MPRegen  0.13/turn              D - ring of protection from magic

@: protection aura, hasted, very quick
A: fangs 3, repulsion field 1, large bone plates 1, deterioration 1, magic
resistance 1, regeneration 1, magic shield, antimagic bite, no potion heal 3,
rot immunity
a: Upheaval, Elemental Force, Renounce Religion


You were on level 9 of the Dungeon.
You worshipped Qazlal.
Qazlal was most pleased with you.
You were hungry.

You visited 1 branch of the dungeon, and saw 9 of its levels.

You collected 278 gold pieces.

Inventory:

Hand Weapons
 a - a +0 rapier
 l - a +3 dagger
 r - a +1 shortbow of freezing
 t - a +1 mace of protection (weapon)
Missiles
 j - 79 arrows
Armour
 b - a +0 scale mail
 c - a +0 shield
 m - a +0 scale mail
 p - a +0 plate armour (worn)
 u - a +0 plate armour
 x - a +0 helmet
 z - a +0 leather armour of poison resistance
 A - a +0 shield (worn)
 G - a +0 pair of gloves (worn)
 J - a +2 hat (worn)
Jewellery
 e - an amulet of guardian spirit (around neck)
 s - an uncursed ring of fire
 C - an uncursed ring of fire
 D - a ring of protection from magic (right hand)
 F - a ring of poison resistance (left hand)
Wands
 h - a wand of paralysis (15)
 q - a wand of polymorph (9)
 y - a wand of enslavement (33)
Scrolls
 d - a scroll of silence {unknown}
 g - a scroll of immolation
 i - 7 scrolls of remove curse
 k - a scroll of magic mapping
 o - 8 scrolls of identify
 v - 3 scrolls of enchant weapon {unknown}
 w - a scroll of blinking
 H - a scroll of teleportation {unknown}
Potions
 n - a potion of degeneration
 B - a potion of cancellation
Comestibles
 f - 10 rations
 E - 2 chunks of flesh


   Skills:
 + Level 4.9 Fighting
 - Level 2.4 Short Blades
 * Level 8.2 Maces & Flails
 + Level 5.8 Armour
 + Level 0.1 Stealth
 + Level 7.6 Shields
 + Level 1.3 Spellcasting
 + Level 0.2 Summonings
 + Level 1.1 Invocations


You had 8 spell levels left.
You knew the following spells:

 Your Spells              Type           Power        Failure   Level  Hunger
a - Summon Small Mammal   Summ           #...         100%        1    ##.....
b - Call Imp              Summ           #.......     100%        2    ###....

Your spell library contained the following spells:

 Spells                   Type           Power        Failure   Level  Hunger
 Summon Ice Beast         Ice/Summ       #.......     100%        4    #####..
 Call Canine Familiar     Summ           #.......     100%        3    ####...
 Summon Lightning Spire   Summ/Air       #.......     100%        4    #####..
 Summon Guardian Golem    Hex/Summ       #.......     100%        3    ####...


Dungeon Overview and Level Annotations

Branches:
Dungeon (9/15)
 Temple: D:4-7         Lair: D:8-11         Orc: D:9-12

Altars:
Ashenzari
Gozag
Hepliaklqana
Nemelex Xobeh
Okawaru
Qazlal
Trog
Wu Jian
Xom
Yredelemnul
Zin

Annotations:
D:2 1 runed door
D:4 yaymichael's ghost, novice OgBe


Innate Abilities, Weirdness & Mutations

You have razor-sharp teeth.
Your natural rate of healing is unusually fast.
When hurt, damage is shared between your health and your magic reserves.
Your bite disrupts and absorbs the magic of your enemies.
Potions cannot restore your health.
You are immune to rotting.
You are surrounded by a mild repulsion field. (EV +2)
You are partially covered in large bone plates. (SH +4)
Your body sometimes deteriorates upon taking damage.
You are resistant to hostile enchantments. (MR+)


Message History

You begin to radiate repulsive energy.
You block the howler monkey's attack. You block the two-headed ogre's attack.
The two-headed ogre hits you with a giant spiked club!
* * * LOW HITPOINT WARNING * * *
The orc warrior barely misses you.
Aiming: Upheaval
Press: ? - help, Dir - move target cursor, f - orc warrior
Aim: an orc warrior, wielding a glaive and wearing a chain mail A blizzard blasts the area with ice!
The blast of ice hits the orc warrior.
The orc warrior is heavily wounded.
The orc warrior is flash-frozen.
The howler monkey hits you but does no damage.
You hit the howler monkey.
You kill the howler monkey!
Qazlal accepts your kill.
The howler monkey hoots and howls with incredible vigour!
You block the two-headed ogre's attack.
The two-headed ogre hits you with a giant spiked club!
You die...

#..........# .....
#......o...########+####.....
#.............................
#.......oo.o.#+## #...........
#............# #.........#
#............# #.<.......#
####.........# +.....(...#
#........o######.........#
#........oooO@†h.........##
#......########'###........
#......#..........#........
#......'..........#........
#......#..........#........
#......#....#####.#........
#......#....# .#.#######
#......#....# .+.#
#......#....# .#.+


You could see a two-headed ogre, an orc warrior, a howler monkey, an orc wizard
and 2 orcs.

Vanquished Creatures
  A two-headed ogre (D:8)
  The ghost of Gridlocked the Carver, a novice DrGl of Okawaru (D:6)
  Pikel (D:8)
  A hornet (D:9)
  Grinder (D:6)
  Menkaure (D:6)
  Duvessa (D:5)
  A sky beast (D:7)
  An ice beast (D:5)
  3 slaves (D:8)
  2 ogres
  2 phantoms
  A centaur (D:6)
  A bullfrog (D:9)
  A gnoll sergeant (D:7)
  Dowan (D:5)
  5 killer bees (D:8)
  A howler monkey (D:9)
  2 crimson imps
  A quasit (D:6)
  A hound (D:4)
  2 jellies
  A centaur skeleton (D:7)
  3 orc priests
  4 orc wizards
  A bullfrog skeleton (D:5)
  Terence (D:3)
  Ijyb (D:3)
  5 worker ants
  A hound skeleton (D:4)
  A worker ant zombie (D:9)
  Robin (D:3)
  8 gnolls
  A howler monkey skeleton (D:3)
  6 adders
  A shadow imp (D:9)
  An ooze (D:1)
  An adder skeleton (D:6)
  4 worms
  3 leopard geckos
  21 orcs
  4 ball pythons
  10 bats
  8 giant cockroaches
  17 goblins
  7 hobgoblins
  12 jackals
  A quokka (D:3)
  4 frilled lizards
  10 kobolds
  6 rats
  A spectral orc (D:8)
177 creatures vanquished.

Vanquished Creatures (others)
  A centaur (D:6)
  A hound (D:6)
  An orc wizard (D:6)
  A leopard gecko (D:6)
  An orc (D:6)
5 creatures vanquished.

Grand Total: 182 creatures vanquished

Notes
Turn   | Place    | Note
-------+----------+-------------------------------------------
     0 | D:1      | Coldfire the Vine Stalker Fighter began the quest for the Orb.
     0 | D:1      | Reached XP level 1. HP: 11/11 MP: 2/2
    89 | D:1      | Reached XP level 2. HP: 14/16 MP: 3/3
   161 | D:1      | Reached XP level 3. HP: 18/20 MP: 4/4
  1554 | D:2      | Gained mutation: Your natural rate of healing is unusually fast. [Vine Stalker growth]
  1554 | D:2      | Reached XP level 4. HP: 23/24 MP: 5/5
  1570 | D:2      | Found a runed door.
  2077 | D:3      | Noticed Terence
  2088 | D:3      | Killed Terence
  2151 | D:3      | Found a faded altar of an unknown god.
  2158 | D:3      | Became a worshipper of Qazlal Stormbringer
  2158 | D:3      | Reached * piety under Qazlal
  2293 | D:3      | Reached XP level 5. HP: 28/28 MP: 6/6
  2338 | D:3      | Found an iron altar of Okawaru.
  2499 | D:3      | Reached skill level 1 in Maces & Flails
  2607 | D:3      | Noticed Robin
  2619 | D:3      | Killed Robin
  2884 | D:3      | Noticed Ijyb
  2920 | D:3      | Killed Ijyb
  3238 | D:4      | Reached skill level 2 in Maces & Flails
  3331 | D:4      | Reached XP level 6. HP: 27/32 MP: 7/7
  3478 | D:3      | Learned a level 1 spell: Summon Small Mammal
  3481 | D:3      | Learned a level 2 spell: Call Imp
  3546 | D:4      | Reached skill level 3 in Maces & Flails
  3572 | D:4      | Reached skill level 1 in Spellcasting
  3575 | D:4      | Reached ** piety under Qazlal
  3724 | D:4      | Reached XP level 7. HP: 30/37 MP: 9/9
  3785 | D:4      | Found a sparkling altar of Nemelex Xobeh.
  3787 | D:4      | Noticed yaymichael's ghost (novice OgBe)
  3788 | D:4      | Found a shattered altar of Ashenzari.
  3894 | D:5      | Entered Level 5 of the Dungeon
  3894 | D:5      | Noticed Dowan
  3907 | D:5      | Noticed Duvessa
  3912 | D:5      | Killed Dowan
  3923 | D:5      | Killed Duvessa
  4061 | D:5      | Gained mutation: You have razor-sharp teeth. [Vine Stalker growth]
  4061 | D:5      | Reached XP level 8. HP: 41/42 MP: 10/10
  4270 | D:6      | Reached skill level 4 in Maces & Flails
  4270 | D:6      | Reached skill level 5 in Shields
  4414 | D:6      | Noticed Menkaure
  4426 | D:6      | Killed Menkaure
  4441 | D:6      | Noticed Grinder
  4451 | D:6      | Paralysed by something for 3 turns
  4475 | D:6      | Paralysed by something for 6 turns
  4494 | D:6      | Paralysed by something for 3 turns
  4500 | D:6      | Killed Grinder
  4500 | D:6      | Reached skill level 5 in Maces & Flails
  4513 | D:6      | Found a glowing drain.
  4713 | D:6      | Found a bloodstained altar of Trog.
  4776 | D:6      | Found a shimmering altar of Xom.
  4777 | D:6      | Noticed Gridlocked's ghost (novice DrGl)
  4814 | D:6      | Killed Gridlocked's ghost
  4814 | D:6      | Reached skill level 6 in Maces & Flails
  4814 | D:6      | Reached XP level 9. HP: 30/46 MP: 8/12
  4890 | D:6      | Found an ornate altar of the Wu Jian Council.
  5154 | D:7      | Reached *** piety under Qazlal
  5307 | D:7      | Reached skill level 5 in Armour
  5448 | D:7      | Reached skill level 7 in Maces & Flails
  5494 | D:7      | Found an opulent altar of Gozag.
  5662 | D:7      | Found a flagged portal.
  5953 | D:8      | Noticed a two-headed ogre
  6015 | D:8      | Killed a two-headed ogre
  6043 | D:8      | Found a basalt altar of Yredelemnul.
  6110 | D:8      | Noticed Pikel
  6158 | D:8      | Killed Pikel
  6158 | D:8      | Reached skill level 8 in Maces & Flails
  6158 | D:8      | Reached skill level 1 in Invocations
  6158 | D:8      | Reached XP level 10. HP: 22/51 MP: 13/13
  6341 | D:8      | Found a hazy altar of Hepliaklqana.
  6555 | D:8      | Found a glowing silver altar of Zin.
  6651 | D:9      | Paralysed by a hornet for 1 turns
  6660 | D:9      | Noticed a two-headed ogre
  6698 | D:9      | Gained mutation: You are partially covered in large bone plates. (SH +4) [potion of mutation]
  6698 | D:9      | Gained mutation: Your body sometimes deteriorates upon taking damage. [potion of mutation]
  6698 | D:9      | Gained mutation: You are resistant to hostile enchantments. (MR+) [potion of mutation]
  6698 | D:9      | Gained mutation: You are surrounded by a mild repulsion field. (EV +2) [potion of mutation]
  6700 | D:9      | Slain by a two-headed ogre

Vault maps used:
D:1:      sevenhm_arrival_forest_fort_small_4, minivault_4
D:2:      uniq_crazy_yiuf_cottage
D:3:      okawaru_altar_gauntlet_db, first_ration,
          chequers_ecumenical_altar_lobes, amethyst_killhole, uniq_robin,
          uniq_terence, uniq_ijyb
D:4:      grunt_temple_overflow_open
D:5:      minmay_temple_entry_grid, grunt_ministairs_10,
          minmay_gold_behind_fungi, bh_walls_and_bars, uniq_duvessa
D:6:      kennysheep_mini_moat, old_standard_altar,
          cheibrodos_sewer_entry_sluice, xom_confusion_cloud, uniq_menkaure,
          uniq_grinder
D:7:      kennysheep_mini, enter_bailey_8
D:8:      zin_academy, yredelemnul_forgotten_temple_becter,
          nicolae_overflow_crystal_walls, uniq_pikel
D:9:      lemuel_doored_altar, nicolae_overflow_hidden_temple, orc_0_dummy,
          basic_altar, the_bakery

Skill      XL: |  1  2  3  4  5  6  7  8  9 |
---------------+----------------------------+-----
Short Blades   | 2 |  2.4
Fighting       | 3 4 |  4.9
Shields        | 3 4 6 7 |  7.6
Armour         | 3 4 5 |  5.8
Maces & Flails | 2 3 6 8 |  8.2
Spellcasting   | 1 |  1.3
Invocations    | 1 |  1.1
Stealth        | |  0.1
Summonings     | |  0.2

Action                   |  1- 3 |  4- 6 |  7- 9 | 10-12 || total
-------------------------+-------+-------+-------+-------++-------
Melee: Rapier            |   121 |    75 |    14 |       ||   210
       Bite              |    32 |    64 |   114 |    19 ||   229
       Mace              |       |   183 |   287 |    56 ||   526
 Cast: Summon Small Mamm |       |     1 |       |       ||     1
Invok: Upheaval          |       |       |     1 |     1 ||     2
       Elemental Force   |       |       |     1 |       ||     1
  Use: Scroll            |       |     4 |       |       ||     4
       Potion            |       |     5 |     5 |     2 ||    12
  Eat: Chunk             |     2 |     8 |     5 |     1 ||    16
       Ration            |       |       |     1 |       ||     1
Armor: Scale mail        |    22 |       |       |       ||    22
       Plate armour      |    23 |   216 |   176 |    29 ||   444
       Skin              |       |       |     7 |       ||     7
Dodge: Dodged            |    33 |    44 |    35 |    15 ||   127
Block: Shield            |    56 |   225 |   279 |    45 ||   605

Table legend:
 A = Spawn XP
 B = Non-spawn XP
 C = Spawn XP percentage of total XP
 D = Spawn monster count
 E = Non-spawn monster count
 F = Spawn count percentage of total count
 G = Total turns spent on level
                    A         B        C        D         E        F      G
               +---------+---------+-------+---------+---------+-------+---------
         Total |       0 |    5710 |   0.0 |       0 |     174 |   0.0 |  6700
               +---------+---------+-------+---------+---------+-------+---------
           D:1 |       0 |      67 |   0.0 |       0 |      30 |   0.0 |  1100
           D:2 |       0 |      31 |   0.0 |       0 |      13 |   0.0 |   893
           D:3 |       0 |     236 |   0.0 |       0 |      40 |   0.0 |  1352
           D:4 |       0 |     364 |   0.0 |       0 |      24 |   0.0 |   549
           D:5 |       0 |     528 |   0.0 |       0 |       8 |   0.0 |   350
           D:6 |       0 |    1519 |   0.0 |       0 |      23 |   0.0 |   873
           D:7 |       0 |     772 |   0.0 |       0 |      17 |   0.0 |   873
           D:8 |       0 |    1713 |   0.0 |       0 |      13 |   0.0 |   608
           D:9 |       0 |     480 |   0.0 |       0 |       6 |   0.0 |   102
               +---------+---------+-------+---------+---------+-------+---------
